 Dungeon Crawl Stone Soup version 0.31-a0-788-ga445dbd2db (webtiles) character file.

Game seed: 7395662434996073568

296 Ijustatesigmund the Magician (level 6, -3/52 HPs)
             Began as a Deep Elf Fire Elementalist on Sept 18, 2023.
             Slain by Edmund
             ... wielding a +0 flail of venom
              (5 damage)
             ... on level 4 of the Dungeon.
             The game lasted 00:06:43 (2962 turns).

Ijustatesigmund the Magician (DEFE)                 Turns: 2962, Time: 00:06:44

Health: -3/52      AC: 23    Str:  5    XL:     6   Next: 12%
Magic:  12/24      EV:  2    Int: 22    God:
Gold:   97         SH:  0    Dex: 15    Spells: 7/14 levels left

rFire   . . .        q - +6 shillelagh "Devastator" {shatter}
rCold   . . .        (no shield)
rNeg    . . .        a - melded +2 animal skin
rPois   +            (helmet currently unavailable)
rElec   .            (cloak currently unavailable)
rCorr   +            (gloves currently unavailable)
SInv    .            g - melded +0 pair of boots
Will    .....        l - amulet of regeneration
Stlth   ++           f - ring of magical power
HPRegen 1.08/turn    i - ring of resist corrosion
MPRegen 0.19/turn

%: no passive effects
@: lethally poisoned (-3 -> -10), tree-form, attractive
A: stationary, stasis, torment immunity, boosted hp
a: no special abilities


You were on level 4 of the Dungeon.
You were a tree.
You visited 1 branch of the dungeon, and saw 4 of its levels.

You collected 157 gold pieces.
You spent 60 gold pieces at shops.

Inventory:

Hand Weapons
 h - a +1 sling of electrocution
 m - the +0 hand axe "Ibifir" {protect, rF++ Stlth+}
   (You found it on level 3 of the Dungeon)

   rF++:      It greatly protects you from fire.
   Stlth+:    It makes you more stealthy.
 q - the +6 shillelagh "Devastator" (weapon) {shatter}
   (You found it on level 3 of the Dungeon)
Armour
 a - a +2 animal skin (melded)
 g - a +0 pair of boots (melded)
Jewellery
 f - a ring of magical power (left branch)
 i - a ring of resist corrosion (right branch)
 l - an amulet of regeneration (around neck)
 o - a ring of ice
 t - a ring of protection from fire
Wands
 r - a wand of charming (11)
Scrolls
 e - a scroll of fog
 k - 2 scrolls of teleportation
 n - 5 scrolls of identify
Potions
 b - 2 potions of magic
 p - a potion of degeneration {unknown}
 s - a potion of attraction


   Skills:
 + Level 2.2 Fighting
 - Level 1.4 Ranged Weapons
 - Level 2.4 Dodging
 - Level 2.4 Stealth
 + Level 4.9 Spellcasting
 + Level 3.3 Conjurations
 + Level 4.7 Fire Magic


You had 7 spell levels left.
You knew the following spells:

 Your Spells              Type           Power      Damage    Failure   Level
a - Foxfire               Conj/Fire      92%        2x1d8     1%          1
b - Scorch                Fire           52%        2d7       2%          2
c - Flame Wave            Conj/Fire      23%        2d8       19%         4

Your spell library contained the following spells:

 Spells                   Type           Power      Damage    Failure   Level
 Static Discharge         Conj/Air       24%        2-3/arc   8%          2
 Inner Flame              Hex/Fire       15%        N/A       12%         3
 Volatile Blastmotes      Fire/Tloc      30%        2d12      12%         3
 Hailstorm                Conj/Ice       12%        3d5       16%         3
 Airstrike                Air            2%         2d(1-17)  71%         4
 Summon Ice Beast         Ice/Summ       5%         N/A       71%         4
 Summon Lightning Spire   Summ/Air       5%         N/A       71%         4
 Yara's Violent Unravell  Hex/Tmut       2%         3d3       96%         5
 Simulacrum               Ice/Necr       2%         N/A       100%        6
 Enfeeble                 Hex            2%         N/A       100%        7


Dungeon Overview and Level Annotations

Branches:
Dungeon (4/15)
 Temple: D:4-7

Altars:
Gozag
Okawaru
The Shining One

Shops:
D:2 ?

Annotations:
D:4 Edmund


Message History

You are lethally poisoned!
It was a potion of attraction.
You feel attractive to monsters.
You feel extremely sick.
Edmund is no longer more vulnerable to fire.
The giant cockroach barely misses you. Edmund misses you.
You are too injured to fight recklessly!
You are too injured to fight recklessly!
You hit Edmund.
Edmund, the giant cockroach and the adder shudder.
Edmund is severely wounded.
You kill the giant cockroach!
You kill the adder!
Edmund is severely wounded.
* * * LOW HITPOINT WARNING * * *
You feel extremely sick. Edmund barely misses you.
You turn into a tree.
Your +0 pair of boots melds into your body.
Your +2 animal skin melds into your body.
Your roots penetrate the ground.
* * * LOW HITPOINT WARNING * * *
You feel very sick.
Edmund hits you with a +0 flail of venom.
* * * LOW HITPOINT WARNING * * *
You hit Edmund but do no damage.
Edmund is severely wounded.
* * * LOW HITPOINT WARNING * * *
You feel very sick. Edmund hits you but does no damage.
You are more poisoned.
Casting: Scorch (safe; 2% risk of failure)
Confirm with . or Enter, or press ? or * to list all spells.
Flames lash Edmund.
Edmund is almost dead.
Edmund's fire resistance burns away.
* * * LOW HITPOINT WARNING * * *
You feel very sick.
Edmund hits you with a +0 flail of venom.
You die...
Edmund says, "That'll show my brother!"

#...........#
#.###.#.###.#
#.#.# #.## #
#.###..####
#........[#
#####..##....
#.....## ###
#.###..####
#.♣@†.#
#.........
....)......
.............
..............<
.....##........
..... .........
..... #........


You could see Edmund (combustible).

Vanquished Creatures
  A black bear (D:4)
  A jelly (D:4)
  Ijyb (D:3)
  An orc wizard (D:3)
  Robin (D:3)
  3 adders
  2 worms
  7 dart slugs
  10 orcs
  A ball python (D:3)
  6 bats
  6 endoplasms
  A giant cockroach (D:4)
  8 goblins
  A hobgoblin (D:2)
  5 kobolds
  6 quokkas
  A frilled lizard (D:3)
  2 rats (D:1)
64 creatures vanquished.

Vanquished Creatures (others)
  67 foxfires
67 creatures vanquished.

Grand Total: 131 creatures vanquished

Notes
Turn   | Place    | Note
-------+----------+-------------------------------------------
     0 | D:1      | Ijustatesigmund the Deep Elf Fire Elementalist began the
                  | quest for the Orb.
     0 | D:1      | Reached XP level 1. HP: 10/10 MP: 6/6
   340 | D:1      | Reached XP level 2. HP: 16/16 MP: 8/8
   343 | D:1      | Learned a level 2 spell: Scorch
  1319 | D:2      | Reached XP level 3. HP: 20/20 MP: 10/10
  1424 | D:2      | Found The Oracle's Delphic Readings.
  1427 | D:2      | Reached skill level 1 in Ranged Weapons
  1431 | D:2      | Bought a scroll of teleportation for 36 gold pieces
  1431 | D:2      | Bought a scroll of identify for 24 gold pieces
  1838 | D:3      | Found an iron altar of Okawaru.
  1850 | D:3      | Reached skill level 1 in Fighting
  2040 | D:3      | Found the +6 shillelagh "Devastator" {shatter}
  2045 | D:3      | Identified the +0 hand axe "Ibifir" {protect, rF++ Stlth+}
  2092 | D:3      | Noticed Ijyb
  2099 | D:3      | Killed Ijyb
  2100 | D:3      | Reached XP level 4. HP: 17/25 MP: 11/11
  2135 | D:3      | Learned a level 4 spell: Flame Wave
  2203 | D:3      | Found a glowing golden altar of the Shining One.
  2217 | D:3      | Found an opulent altar of Gozag.
  2406 | D:3      | Noticed Robin
  2424 | D:3      | Killed Robin
  2425 | D:3      | Reached XP level 5. HP: 10/29 MP: 13/13
  2932 | D:4      | Noticed a black bear
  2944 | D:4      | Killed a black bear
  2948 | D:4      | Reached XP level 6. HP: 29/35 MP: 15/15
  2951 | D:4      | Noticed Edmund
  2962 | D:4      | HP: 2/52 [poisoned by Edmund]
  2962 | D:4      | Slain by Edmund

Illustrated notes

Levels and vault maps discovered:
D:1:      dpeg_arrival_rooms_b, layout_loops_ring
D:2:      layout_loops_corners, nicolae_nh_oracle_at_delphi
D:3:      layout_loops_cross, okawaru_ov_weapons_minmay,
          mainiacjoe_overflow_catwalk, nicolae_gozag_seed_capital, uniq_robin,
          uniq_ijyb
D:4:      layout_rooms, minmay_misc_feat_cross, uniq_grinder, uniq_edmund

Skill      XL: |  1  2  3  4  5 |
---------------+----------------+-----
Ranged Weapons | 1 |  1.4
Fighting       | 1 2 |  2.2
Conjurations   | 2 3 |  3.3
Spellcasting   | 4 |  4.9
Fire Magic     | 4 |  4.7
Dodging        | |  2.4
Stealth        | |  2.4

Action                     |  1- 3 |  4- 6 || total
---------------------------+-------+-------++-------
  Melee: Spear             |     5 |       ||     5
         Shillelagh        |     3 |    24 ||    27
   Fire: Sling             |    42 |       ||    42
   Cast: Foxfire           |    18 |    24 ||    42
         Scorch            |    11 |     9 ||    20
    Use: Scroll            |     3 |     1 ||     4
         Potion            |     1 |     2 ||     3
 Armour: Robe              |    23 |    22 ||    45
         Animal skin       |       |    12 ||    12
         Skin              |       |     3 ||     3
  Dodge: Dodged            |    14 |    26 ||    40

Table legend: (Time is in decaauts)
 A = Elapsed time spent in this place.
 B = Non-inter-level travel time spent in this place.
 C = Inter-level travel time spent in this place.
 D = Time resting spent in this place.
 E = Time spent auto-exploring this place.
 F = Levels seen in this place.
 G = Mean time per level.
                   A        B        C        D        E       F      G
               +--------+--------+--------+--------+--------+-----+--------+
         Total |   2982 |   2944 |     38 |    577 |   1961 |   4 |  745.5 |
       Dungeon |   2982 |   2944 |     38 |    577 |   1961 |   4 |  745.5 |
               +--------+--------+--------+--------+--------+-----+--------+

Top non-repeatable levels by time:
     D:3: 1185 daAuts
     D:2: 906 daAuts
     D:1: 823 daAuts
     D:4: 67 daAuts
